AoeStats
← Bacus8

Arena

510977101Analyzed
4v4 RM · 8h ago on Oct 3, 2026· 40m 27s· 8 players
Game mode
Random Map
Map size
Large (8 player)
Population
200
Speed
Normal
Resources
Standard
Victory
Conquest
Starting age
Dark Age
Ending age
Imperial Age
RankedLock teamsTeams togetherTeam positionsShared explorationLock speedFull tech treeHidden civsTurbo modeCheats
Victory
Defeat
🇪🇸 Lithuanians · Spain
984
+11
🇩🇰 Poles · Denmark
975
+11
🇦🇿 Chinese · Azerbaijan
939
+13
🇲🇽 Vikings · Mexico
884
+15
🇺🇸 Danes · United States
906
-14
🇦🇷 Poles · Argentina
885
-13
🇮🇩 Portuguese · Indonesia
870
-13
🇮🇳 Byzantines · India
806
-10
Mr.Beannie
11:31 Feudal Age
15:35 Castle Age
13:59 Double-Bit Axe
20:22 Gold Mining
20:17 Horse Collar
22:15 Bow Saw
22:08 Heavy Plow
24:38 Gold Shaft Mining
27:00 Wheelbarrow
26:11 Town Watch
26:12 Loom
26:36 Stone Mining
27:14 Scale Mail Armor
27:24 Forging
28:16 Stone Shaft Mining
27:44 Caravan
28:15 Coinage
30:09 Hand Cart
33:08 Imperial Age
30:43 Murder Holes
30:42 Fletching
31:29 Iron Casting
32:08 Chain Mail Armor
31:49 Bodkin Arrow
31:55 Padded Archer Armor
33:05 Ballistics
32:56 Masonry
35:51 Blast Furnace
35:22 Plate Mail Armor
34:52 Bracer
34:39 Pikeman
35:20 Squires
35:06 Gambesons
35:07 Arson
38:31 Halberdier
you go die
1:45 Loom
11:58 Feudal Age
16:27 Castle Age
14:32 Double-Bit Axe
15:07 Gold Mining
16:29 Scale Barding Armor
16:32 Stone Mining
21:24 Wheelbarrow
22:42 Hand Cart
25:17 Town Watch
29:02 Chain Barding Armor
28:52 Forging
28:55 Bloodlines
28:46 Husbandry
33:08 Imperial Age
33:05 Szlachta Privileges
33:19 Elite Obuch
ayon
0:29 Loom
11:49 Feudal Age
19:05 Castle Age
28:43 Imperial Age
34:01 Pikeman
40:15 Chemistry
39:09 Gold Mining
vtarchitect1668
3:29 Loom
10:45 Feudal Age
12:04 Wheelbarrow
11:15 Double-Bit Axe
11:11 Horse Collar
16:05 Castle Age
26:57 Imperial Age
25:41 Stone Mining
29:51 Murder Holes
29:38 Treadmill Crane
30:57 Fortified Wall
31:50 Chemistry
31:50 Gold Mining
32:41 Bow Saw
32:34 Pikeman
33:14 Squires
33:38 Halberdier
35:11 Elite Skirmisher
35:12 Crossbowman
35:56 Padded Archer Armor
35:46 Fletching
38:45 Caravan
39:15 Coinage
maltheh9797
11:34 Feudal Age
16:11 Castle Age
13:55 Horse Collar
14:02 Double-Bit Axe
17:14 Heavy Plow
18:09 Wheelbarrow
18:32 Bow Saw
19:46 Scale Barding Armor
19:52 Forging
22:22 Iron Casting
22:37 Treadmill Crane
23:45 Hand Cart
23:21 Town Watch
25:36 Loom
27:16 Ballistics
26:50 Fletching
27:01 Padded Archer Armor
27:30 Bodkin Arrow
30:37 Imperial Age
28:50 Bloodlines
29:23 Chain Barding Armor
28:30 Light Cavalry
29:12 Husbandry
29:59 Szlachta Privileges
30:54 Leather Archer Armor
31:59 Conscription
31:08 Cavalier
31:13 Winged Hussar
35:15 Thumb Ring
36:05 Heavy Mounted Crossbowman
38:26 Lechitic Legacy
40:18 Hoardings
40:48 Chemistry
39:59 Fortified Wall
Bacus8
10:32 Feudal Age
14:46 Castle Age
13:00 Double-Bit Axe
13:28 Stone Mining
16:07 Bow Saw
16:36 Wheelbarrow
15:46 Horse Collar
23:14 Hand Cart
22:45 Loom
24:19 Bloodlines
25:10 Gold Mining
26:07 Husbandry
30:56 Imperial Age
31:27 Forging
31:23 Scale Barding Armor
31:12 Fletching
31:23 Padded Archer Armor
31:20 Cavalier
32:30 Conscription
33:12 Chemistry
33:34 Elite Skirmisher
34:20 Thumb Ring
35:20 Ballistics
36:32 Tower Shields
35:58 Paladin
38:34 Two-Man Saw
38:02 Light Cavalry
39:09 Town Watch
Russia05
11:39 Feudal Age
16:47 Castle Age
15:12 Double-Bit Axe
16:00 Horse Collar
16:14 Gold Mining
22:20 Forging
22:59 Sanctity
23:51 Pikeman
24:54 Loom
27:51 Wheelbarrow
28:31 Iron Casting
27:57 Scale Mail Armor
33:19 Imperial Age
31:09 Chain Mail Armor
30:57 Squires
31:37 Arson
31:44 Fletching
31:54 Padded Archer Armor
32:58 Bodkin Arrow
33:27 Ballistics
33:03 Murder Holes
34:24 Bracer
35:24 Blast Furnace
34:55 Plate Mail Armor
34:45 Fortified Wall
34:46 Masonry
35:54 Conscription
36:24 Great Wall
39:24 Chemistry
39:24 Leather Archer Armor
40:10 Blast Furnace
Columbus
10:09 Feudal Age
8:59 Loom
14:45 Castle Age
13:40 Double-Bit Axe
16:30 Fletching
26:08 Horse Collar
30:10 Gold Mining
33:34 Imperial Age
31:16 Bow Saw
30:53 Town Watch
31:46 Gold Shaft Mining
31:50 Bodkin Arrow
32:08 Masonry
32:39 Forging
35:04 Bogsveigar
35:06 Scale Mail Armor
35:54 Iron Casting
35:23 Bracer
35:08 Crossbowman
35:50 Padded Archer Armor
35:55 Capped Ram
37:32 Ballistics
37:23 Heavy Plow
36:56 Arbalester
38:09 Chain Mail Armor
38:21 Conscription
38:36 Leather Archer Armor
39:24 Chemistry
39:52 Ring Archer Armor
40:14 Plate Mail Armor
Connection lost

Rejoining the realm…

Still unreachable

The connection could not be restored.

Session expired

The server has moved on; the page needs a fresh start.